| TOP OF THE 1ST |
|
Indianapolis Indians batting - Pitching for Iowa Oaks : RHP Randy Romagna
|
|
Pitching: RHP Randy Romagna
|
|
|
Batting: LHB Elias Nava
|
0-0: Ball 1-0: Called Strike 1-1: Called Strike 1-2: Ball 2-2: Fly out, F7 (Flyball, 78S, EV 86.3 MPH)
|
|
Batting: SHB Julio Estrada
|
0-0: SINGLE (Line Drive, 7S, EV 100.6 MPH)
|
|
Batting: LHB Scott Radloff
|
0-0: Ball Passed Ball! Julio Estrada to second 1-0: Foul Ball, location: 2F 1-1: SINGLE (Line Drive, 89S, EV 100.6 MPH) Julio Estrada to third
|
|
Batting: RHB Luis Gonzalez
|
0-0: Called Strike 0-1: Ball 1-1: Grounds into double play, 4-6-3 (Groundball, 4, EV 83.1 MPH)
|
| Top of the 1st over - 0 runs, 2 hits, 0 errors, 1 left on base; Indianapolis 0 - Iowa 0 |
| BOTTOM OF THE 1ST |
|
Iowa Oaks batting - Pitching for Indianapolis Indians : RHP Andrew Muhlstock
|
|
Pitching: RHP Andrew Muhlstock
|
|
|
Batting: LHB Gary Jones
|
0-0: Ball 1-0: Foul Ball, location: 2F 1-1: Foul Ball, location: 2F 1-2: Foul Ball, location: 2F 1-2: Ball 2-2: Strikes out swinging
|
|
Batting: RHB Mark Benson
|
0-0: Called Strike 0-1: Ball 1-1: Ball 2-1: Foul Ball, location: 2F 2-2: Foul Ball, location: 2F 2-2: Fly out, F8 (Flyball, 8RD, EV 97.5 MPH)
|
|
Batting: LHB Ronald Little
|
0-0: Foul Ball, location: 2F 0-1: Foul Ball, location: 2F 0-2: Ball 1-2: Ball 2-2: DOUBLE (Line Drive, 9LM, EV 112.5 MPH)
|
|
Batting: LHB Donald Johnson
|
0-0: Foul Ball, location: 2F 0-1: Swinging Strike 0-2: Ball 1-2: Strikes out swinging
|
| Bottom of the 1st over - 0 runs, 1 hit, 0 errors, 1 left on base; Indianapolis 0 - Iowa 0 |
| TOP OF THE 2ND |
|
Indianapolis Indians batting - Pitching for Iowa Oaks : RHP Randy Romagna
|
|
Batting: RHB Pat Rooney
|
0-0: Swinging Strike 0-1: Swinging Strike 0-2: Strikes out looking
|
|
Batting: LHB Roberto Ruiz
|
0-0: Called Strike 0-1: DOUBLE (Line Drive, 7LS, EV 97.5 MPH)
|
|
Batting: RHB Bill Lindsey
|
0-0: Called Strike 0-1: SINGLE (Groundball, 4D, EV 95.6 MPH) Roberto Ruiz to third Runner from 3rd tries for Home, SAFE, throw by CF to home
|
|
Batting: LHB David Bertulli
|
0-0: Ball 1-0: Called Strike 1-1: Called Strike 1-2: Grounds into double play, 5-4-3 (Groundball, 5, EV 101.3 MPH)
|
| Top of the 2nd over - 1 run, 2 hits, 0 errors, 0 left on base; Indianapolis 1 - Iowa 0 |
| BOTTOM OF THE 2ND |
|
Iowa Oaks batting - Pitching for Indianapolis Indians : RHP Andrew Muhlstock
|
|
Batting: RHB Dave F Schmidt
|
0-0: Called Strike 0-1: Fly out, F9 (Line Drive, 9, EV 93.1 MPH)
|
|
Batting: RHB Edgar Flores
|
0-0: Ground out 4-3 (Groundball, 4MS, EV 88.8 MPH)
|
|
Batting: SHB Rod Craig
|
0-0: Ball 1-0: Ball 2-0: Called Strike 2-1: Called Strike 2-2: Fly out, F5 (Popup, 25F, EV 82.5 MPH)
|
| Bottom of the 2nd over - 0 runs, 0 hits, 0 errors, 0 left on base; Indianapolis 1 - Iowa 0 |
| TOP OF THE 3RD |
|
Indianapolis Indians batting - Pitching for Iowa Oaks : RHP Randy Romagna
|
|
Batting: RHB Robert Bonnette
|
0-0: Ball 1-0: Fly out, F8 (Flyball, 8RD, EV 99.4 MPH)
|
|
Batting: LHB Elias Nava
|
0-0: Ball 1-0: Called Strike 1-1: Ground out 3-1 (Groundball, 34, EV 100.6 MPH)
|
|
Batting: SHB Julio Estrada
|
0-0: SINGLE (Groundball, 3S, EV 70.6 MPH) (infield hit)
|
|
Batting: LHB Scott Radloff
|
0-0: Swinging Strike 0-1: Foul Ball, location: 2F 0-2: Reaches on Catchers interference Julio Estrada to second
|
|
Batting: RHB Luis Gonzalez
|
0-0: Swinging Strike 0-1: Ball 1-1: Foul Ball, location: 2F 1-2: Foul Ball, location: 2F 1-2: Ball 2-2: Strikes out swinging
|
| Top of the 3rd over - 0 runs, 1 hit, 1 error, 2 left on base; Indianapolis 1 - Iowa 0 |
| BOTTOM OF THE 3RD |
|
Iowa Oaks batting - Pitching for Indianapolis Indians : RHP Andrew Muhlstock
|
|
Batting: RHB Jordan Arredondo
|
0-0: Called Strike 0-1: Foul Ball, location: 2F 0-2: Ground out 5-3 (Groundball, 56, EV 84.4 MPH)
|
|
Batting: LHB Wayne Krenchicki
|
0-0: Called Strike 0-1: Ball 1-1: Ball 2-1: Ball 3-1: Foul Ball, location: 2F 3-2: Fly out, F8 (Flyball, 8RM, EV 80.0 MPH)
|
|
Batting: LHB Gary Jones
|
0-0: Called Strike 0-1: Ball 1-1: Foul Ball, location: 2F 1-2: Strikes out swinging
|
| Bottom of the 3rd over - 0 runs, 0 hits, 0 errors, 0 left on base; Indianapolis 1 - Iowa 0 |
| TOP OF THE 4TH |
|
Indianapolis Indians batting - Pitching for Iowa Oaks : RHP Randy Romagna
|
|
Batting: RHB Pat Rooney
|
0-0: Ball 1-0: Ball 2-0: Ball 3-0: Base on Balls
|
|
Batting: LHB Roberto Ruiz
|
0-0: Fly out, F8 (Flyball, 8LD, EV 91.3 MPH)
|
|
Batting: RHB Bill Lindsey
|
0-0: Ball 1-0: Foul Ball, location: 2F 1-1: Ball Pat Rooney steals 2nd base 2-1: SINGLE (Line Drive, 7S, EV 93.1 MPH) Pat Rooney to third Runner from 3rd tries for Home, SAFE, throw by LF to home
|
|
Batting: LHB David Bertulli
|
0-0: Swinging Strike 0-1: Swinging Strike 0-2: Ball 1-2: Ball 2-2: Ball 3-2: Foul Ball, location: 2F 3-2: Strikes out looking
|
|
Batting: RHB Robert Bonnette
|
0-0: Ball 1-0: Ball 2-0: Fly out, F3 (Popup, 3F, EV 58.8 MPH)
|
| Top of the 4th over - 1 run, 1 hit, 0 errors, 1 left on base; Indianapolis 2 - Iowa 0 |
| BOTTOM OF THE 4TH |
|
Iowa Oaks batting - Pitching for Indianapolis Indians : RHP Andrew Muhlstock
|
|
Batting: RHB Mark Benson
|
0-0: Ball 1-0: Swinging Strike 1-1: Called Strike 1-2: Ball 2-2: Ball 3-2: Fly out, F8 (Flyball, 89D, EV 91.9 MPH)
|
|
Batting: LHB Ronald Little
|
0-0: Ball 1-0: Ball 2-0: SINGLE (Flyball, 89S, EV 93.8 MPH)
|
|
Batting: LHB Donald Johnson
|
0-0: Foul Ball, location: 2F 0-1: Ball 1-1: Ball 2-1: Foul Ball, location: 2F 2-2: Ball 3-2: Strikes out swinging Ronald Little steals 2nd base (no throw) Batter strikes out.
|
|
Batting: RHB Dave F Schmidt
|
0-0: Called Strike 0-1: Fly out, F8 (Flyball, 89XD, EV 93.8 MPH)
|
| Bottom of the 4th over - 0 runs, 1 hit, 0 errors, 1 left on base; Indianapolis 2 - Iowa 0 |
| TOP OF THE 5TH |
|
Indianapolis Indians batting - Pitching for Iowa Oaks : RHP Randy Romagna
|
|
Batting: LHB Elias Nava
|
0-0: Ball 1-0: Bunt for hit to 15S - play at first, batter OUT! 1-3
|
|
Batting: SHB Julio Estrada
|
0-0: Fly out, F9 (Line Drive, 9, EV 89.4 MPH)
|
|
Batting: LHB Scott Radloff
|
0-0: Ball 1-0: Called Strike 1-1: Fly out, F8 (Flyball, 78S, EV 92.5 MPH)
|
| Top of the 5th over - 0 runs, 0 hits, 0 errors, 0 left on base; Indianapolis 2 - Iowa 0 |
| BOTTOM OF THE 5TH |
|
Iowa Oaks batting - Pitching for Indianapolis Indians : RHP Andrew Muhlstock
|
|
Batting: RHB Edgar Flores
|
0-0: Ball 1-0: Called Strike 1-1: Ball 2-1: Ball 3-1: Base on Balls
|
|
Batting: SHB Rod Craig
|
0-0: Called Strike 0-1: Foul Ball, location: 2F 0-2: Ground out 1-3 (Groundball, P, EV 65.6 MPH) Edgar Flores to second
|
|
Batting: RHB Jordan Arredondo
|
0-0: SINGLE (Line Drive, 6MD, EV 97.5 MPH) Edgar Flores to third
|
|
Batting: LHB Wayne Krenchicki
|
0-0: Ball 1-0: Called Strike 1-1: Fly out, F7 (Flyball, 7S, EV 83.8 MPH) Runner from 3rd tags up, OUT at HOME! 7-2
|
| Bottom of the 5th over - 0 runs, 1 hit, 0 errors, 1 left on base; Indianapolis 2 - Iowa 0 |
| TOP OF THE 6TH |
|
Indianapolis Indians batting - Pitching for Iowa Oaks : RHP Randy Romagna
|
|
Batting: RHB Luis Gonzalez
|
0-0: Foul Ball, location: 2F 0-1: Ball 1-1: Ball 2-1: Swinging Strike 2-2: Foul Ball, location: 2F 2-2: Foul Ball, location: 2F 2-2: Foul Ball, location: 2F 2-2: Foul Ball, location: 2F 2-2: Ball 3-2: Base on Balls
|
|
Batting: RHB Pat Rooney
|
0-0: Called Strike 0-1: Fly out, F8 (Flyball, 89D, EV 96.3 MPH)
|
|
Batting: LHB Roberto Ruiz
|
0-0: Ball 1-0: Ball 2-0: Called Strike 2-1: Foul Ball, location: 2F 2-2: Foul Ball, location: 2F 2-2: Ball 3-2: Foul Ball, location: 2F 3-2: Foul Ball, location: 2F 3-2: Fielders Choice at 2nd, 5-4 (Groundball, 56, EV 86.9 MPH)
|
|
Batting: RHB Bill Lindsey
|
0-0: Ball 1-0: Foul Ball, location: 2F 1-1: Ground out 4-3 (Groundball, 4D, EV 89.4 MPH)
|
| Top of the 6th over - 0 runs, 0 hits, 0 errors, 1 left on base; Indianapolis 2 - Iowa 0 |
| BOTTOM OF THE 6TH |
|
Iowa Oaks batting - Pitching for Indianapolis Indians : RHP Andrew Muhlstock
|
|
Batting: LHB Gary Jones
|
0-0: Foul Ball, location: 2F 0-1: Ball 1-1: Ball 2-1: Fly out, F8 (Line Drive, 8LM, EV 104.4 MPH)
|
|
Batting: RHB Mark Benson
|
0-0: Ball 1-0: Swinging Strike 1-1: Ground out 6-3 (Groundball, 6, EV 77.5 MPH)
|
|
Batting: LHB Ronald Little
|
0-0: Ball 1-0: Foul Ball, location: 2F 1-1: Swinging Strike 1-2: Ball 2-2: Strikes out swinging
|
| Bottom of the 6th over - 0 runs, 0 hits, 0 errors, 0 left on base; Indianapolis 2 - Iowa 0 |
| TOP OF THE 7TH |
|
Indianapolis Indians batting - Pitching for Iowa Oaks : RHP Randy Romagna
|
|
Batting: LHB David Bertulli
|
0-0: Ball 1-0: Foul Ball, location: 2F 1-1: Ground out U3 (Groundball, 3, EV 85.6 MPH)
|
|
Batting: RHB Robert Bonnette
|
0-0: Foul Ball, location: 2F 0-1: Ground out 6-3 (Groundball, 6, EV 97.5 MPH)
|
|
Batting: LHB Elias Nava
|
0-0: Ball 1-0: Ball 2-0: Called Strike 2-1: Ball 3-1: Base on Balls
|
|
Batting: SHB Julio Estrada
|
0-0: Ball 1-0: Foul Ball, location: 2F 1-1: Foul Ball, location: 2F 1-2: Ball 2-2: Foul Ball, location: 2F 2-2: SINGLE (Groundball, 25, EV 65.6 MPH) (infield hit) Elias Nava to second
|
|
Batting: LHB Scott Radloff
|
0-0: Called Strike 0-1: Foul Ball, location: 2F 0-2: Foul Ball, location: 2F 0-2: Ball 1-2: Ball 2-2: Ground out 1-3 (Groundball, 15S, EV 68.8 MPH)
|
| Top of the 7th over - 0 runs, 1 hit, 0 errors, 2 left on base; Indianapolis 2 - Iowa 0 |
| BOTTOM OF THE 7TH |
|
Iowa Oaks batting - Pitching for Indianapolis Indians : RHP Andrew Muhlstock
|
|
Batting: LHB Donald Johnson
|
0-0: Foul Ball, location: 2F 0-1: Ball 1-1: Foul Ball, location: 2F 1-2: Ball 2-2: Ball 3-2: Ground out 4-3 (Groundball, 4, EV 82.5 MPH)
|
|
Batting: RHB Dave F Schmidt
|
0-0: Swinging Strike 0-1: Ball 1-1: Ball 2-1: Foul Ball, location: 2F 2-2: Ground out 4-3 (Groundball, 4D, EV 87.5 MPH)
|
|
Batting: RHB Edgar Flores
|
0-0: Ball 1-0: Foul Ball, location: 2F 1-1: Ball 2-1: Foul Ball, location: 2F 2-2: Ball 3-2: Base on Balls
|
|
Batting: SHB Rod Craig
|
0-0: Called Strike 0-1: Ball 1-1: Foul Ball, location: 2F 1-2: Strikes out swinging
|
| Bottom of the 7th over - 0 runs, 0 hits, 0 errors, 1 left on base; Indianapolis 2 - Iowa 0 |
| TOP OF THE 8TH |
|
Indianapolis Indians batting - Pitching for Iowa Oaks : RHP Randy Romagna
|
|
Batting: RHB Luis Gonzalez
|
0-0: Foul Ball, location: 2F 0-1: Ball 1-1: Fly out, F9 (Flyball, 9D, EV 101.9 MPH)
|
|
Batting: RHB Pat Rooney
|
0-0: Ground out 6-3 (Groundball, 6, EV 91.9 MPH)
|
|
Batting: LHB Roberto Ruiz
|
0-0: Ball 1-0: SINGLE (Groundball, 34D, EV 102.5 MPH)
|
|
Batting: RHB Bill Lindsey
|
0-0: Foul Ball, location: 2F 0-1: Ball 1-1: Foul Ball, location: 2F 1-2: Ball 2-2: DOUBLE (Groundball, 5L, EV 97.5 MPH) Roberto Ruiz to third Runner from 3rd tries for Home, SAFE, throw by LF to home
|
|
Batting: LHB David Bertulli
|
0-0: Ball 1-0: Ball 2-0: Swinging Strike 2-1: Fly out, F9 (Flyball, 89S, EV 84.4 MPH)
|
| Top of the 8th over - 1 run, 2 hits, 0 errors, 1 left on base; Indianapolis 3 - Iowa 0 |
| BOTTOM OF THE 8TH |
|
Iowa Oaks batting - Pitching for Indianapolis Indians : RHP Andrew Muhlstock
|
|
Batting: RHB Jordan Arredondo
|
0-0: Fly out, F7 (Flyball, 7LM, EV 92.5 MPH)
|
|
Batting: LHB Wayne Krenchicki
|
0-0: Called Strike 0-1: Ball 1-1: SINGLE (Groundball, 6M, EV 98.1 MPH) (infield hit)
|
|
Batting: LHB Gary Jones
|
0-0: Ball 1-0: Ball 2-0: Called Strike 2-1: Called Strike 2-2: Strikes out swinging
|
|
Batting: RHB Mark Benson
|
0-0: Called Strike 0-1: Foul Ball, location: 2F 0-2: Ball 1-2: Fielders Choice at 2nd, 6-4 (Groundball, 6, EV 85.0 MPH)
|
| Bottom of the 8th over - 0 runs, 1 hit, 0 errors, 1 left on base; Indianapolis 3 - Iowa 0 |
| TOP OF THE 9TH |
|
Indianapolis Indians batting - Pitching for Iowa Oaks : RHP Randy Romagna
|
|
Batting: RHB Robert Bonnette
|
0-0: Ball 1-0: Fly out, F7 (Flyball, 78D, EV 101.9 MPH)
|
|
Batting: LHB Elias Nava
|
0-0: Called Strike 0-1: Ball 1-1: Foul Ball, location: 2F 1-2: Ball 2-2: Ball 3-2: Foul Ball, location: 2F 3-2: SINGLE (Line Drive, 5D, EV 99.4 MPH)
|
|
Batting: SHB Julio Estrada
|
0-0: Ball Elias Nava steals 2nd base (no throw) 1-0: Foul Ball, location: 2F 1-1: DOUBLE (Line Drive, 78M, EV 95.6 MPH) Elias Nava scores
|
|
Batting: LHB Scott Radloff
|
0-0: Called Strike 0-1: Swinging Strike 0-2: Ball 1-2: Foul Ball, location: 2F 1-2: Ball 2-2: Fly out, F8 (Flyball, 8RXD, EV 77.5 MPH) Runner from 2nd tags up, SAFE at 3rd, no throw by CF
|
|
Batting: RHB Luis Gonzalez
|
0-0: Ball 1-0: Ball 2-0: Ground out 5-3 (Groundball, 56, EV 105.6 MPH)
|
| Top of the 9th over - 1 run, 2 hits, 0 errors, 1 left on base; Indianapolis 4 - Iowa 0 |
| BOTTOM OF THE 9TH |
|
Iowa Oaks batting - Pitching for Indianapolis Indians : RHP Andrew Muhlstock
|
|
Batting: LHB Ronald Little
|
0-0: Called Strike 0-1: Swinging Strike 0-2: Strikes out swinging
|
|
Batting: LHB Donald Johnson
|
0-0: Called Strike 0-1: Fly out, F8 (Flyball, 78M, EV 83.8 MPH)
|
|
Batting: RHB Dave F Schmidt
|
0-0: Called Strike 0-1: Ball 1-1: SOLO HOME RUN (Flyball, 89XD, EV 94.4 MPH), Distance : 394 ft
|
|
Batting: RHB Edgar Flores
|
0-0: Ball 1-0: Ball 2-0: Called Strike 2-1: Ball 3-1: Called Strike 3-2: Foul Ball, location: 2F 3-2: Base on Balls
|
|
Pitching: LHP Lee Guetterman
|
|
|
Batting: SHB Rod Craig
|
0-0: Called Strike 0-1: Ball 1-1: Fly out, F8 (Line Drive, 8RD, EV 85.0 MPH)
|
| Bottom of the 9th over - 1 run, 1 hit, 0 errors, 1 left on base; Indianapolis 4 - Iowa 1 |
|